 Dungeon Crawl Stone Soup version 0.28.0-45-g0d030f2227 (webtiles) character file.

Game seed: 15764929156128649850

38 Icepheonix32 the Skirmisher (level 3, -1/29 HPs)
             Began as a Demonspawn Fighter on Apr 6, 2022.
             Slain by Sigmund
             ... wielding a +0 scythe
              (3 damage)
             ... on level 2 of the Dungeon.
             The game lasted 00:01:29 (1120 turns).

Icepheonix32 the Skirmisher (Demonspawn Fighter)    Turns: 1120, Time: 00:01:30

Health: -1/29      AC:  6    Str: 18    XL:     3   Next: 25%
Magic:  3/3        EV:  9    Int:  9    God:
Gold:   138        SH:  4    Dex: 12    Spells: 2/2 levels left

rFire   . . .      SeeInvis .   a - +0 long sword
rCold   . . .      Faith    .   c - +0 buckler
rNeg    . . .      Spirit   .   b - +0 scale mail
rPois   .          Reflect  .   (no helmet)
rElec   .          Harm     .   (no cloak)
rCorr   .          Rampage  .   (no gloves)
Will    .....                   (no boots)
Stlth   ..........              (no amulet)
HPRegen 0.09/turn               (no ring)
MPRegen 0.16/turn               (no ring)

@: mighty
A: magic regeneration
a: no special abilities


You were on level 2 of the Dungeon.
You visited 1 branch of the dungeon, and saw 2 of its levels.

You collected 138 gold pieces.

Inventory:

Hand Weapons
 a - a +0 long sword (weapon)
Missiles
 m - 2 atropa-tipped darts
 n - 3 boomerangs (quivered)
Armour
 b - a +0 scale mail (worn)
 c - a +0 buckler (worn)
Wands
 l - a wand of acid (4)
Scrolls
 e - a scroll of blinking {unknown}
 f - a scroll of fear {unknown}
 h - a scroll of teleportation {unknown}
 i - a scroll of torment {unknown}
Potions
 g - 2 potions of curing {unknown}
 j - a potion of brilliance {unknown}
 k - a potion of lignification {unknown}
 o - a potion of heal wounds {unknown}
 p - 2 potions of degeneration {unknown}


   Skills:
 + Level 3.4 Fighting
 * Level 2.6 Long Blades
 + Level 2.9 Armour
 + Level 2.8 Shields


You had 2 spell levels left.
You didn't know any spells.
Your spell library was empty.

Dungeon Overview and Level Annotations

Branches:
Dungeon (2/15)

Altars:

Annotations:
D:2 Sigmund


Innate Abilities, Weirdness & Mutations

You regenerate magic rapidly.


Message History

No target in view!
No target in view!
No target in view!
No target in view!
No target in view!
Sigmund the Dreaded comes into view.
He is wielding a +0 scythe and wearing a +2 robe of willpower.
Sigmund is nearby!
Sigmund is nearby!
You throw a boomerang. The boomerang barely misses Sigmund.
Sigmund closely misses you. Sigmund closely misses you.
You hit Sigmund but do no damage. Sigmund hits you with a +0 scythe.
You barely miss Sigmund. You block Sigmund's attack.
You feel very mighty all of a sudden.
You closely miss Sigmund. Sigmund hits you but does no damage.
You closely miss Sigmund. Sigmund hits you with a +0 scythe.
You closely miss Sigmund. Sigmund hits you with a +0 scythe!
You barely miss Sigmund.
Sigmund laughs darkly.
Sigmund hits you with a +0 scythe.
You slash Sigmund!
Sigmund is heavily wounded.
You closely miss Sigmund.
Sigmund is heavily wounded.
Sigmund hits you with a +0 scythe!
* * * LOW HITPOINT WARNING * * *
You are too injured to fight recklessly!
You are too injured to fight recklessly!
Unknown command.
You barely miss Sigmund.
Sigmund is heavily wounded.
Sigmund hits you but does no damage.
You barely miss Sigmund.
Sigmund is heavily wounded.
Sigmund hits you with a +0 scythe.
* * * LOW HITPOINT WARNING * * *
You closely miss Sigmund.
Sigmund is heavily wounded.
Sigmund hits you with a +0 scythe.
You die...

### #.! #.# #.#
#.######.#
#..@.....# # #.@#
# .# #######..# #
#.. .........# #
#.# ########.#
###.##### #.#
....#...########.#
###.#............#
###.#...##########
....##.##


You could see Sigmund.

Vanquished Creatures
  An adder (D:2)
  2 dart slugs
  2 endoplasms (D:1)
  A giant cockroach (D:2)
  2 goblins (D:1)
  A hobgoblin (D:1)
  2 quokkas
  4 ball pythons
  4 bats
  2 frilled lizards
  A kobold (D:1)
  4 rats
26 creatures vanquished.

Notes
Turn   | Place    | Note
-------+----------+-------------------------------------------
     0 | D:1      | Icepheonix32 the Demonspawn Fighter began the quest for the
                  | Orb.
     0 | D:1      | Reached XP level 1. HP: 18/18 MP: 1/1
   150 | D:1      | Found a faded altar of an unknown god.
   236 | D:1      | Gained mutation: You regenerate magic rapidly. [demonic
                  | ancestry]
   236 | D:1      | Reached XP level 2. HP: 23/24 MP: 2/2
   861 | D:2      | Reached XP level 3. HP: 18/29 MP: 3/3
  1106 | D:2      | Noticed Sigmund
  1120 | D:2      | Slain by Sigmund

Illustrated notes

Levels and vault maps discovered:
D:1:      tarquinn_simple_flora_water_a, layout_rooms,
          dreamdust_ecumenical_altar_hidden_monk_grotto, corexii_hall_statues_l,
          st_stairs_7, dk_noncrumbling_3
D:2:      layout_loops_ring, hangedman_decor_points, kennysheep_generic_room_15,
          uniq_sigmund

Skill      XL: |  1 |
---------------+----+-----
Long Blades    | 2 |  2.6
Fighting       | |  3.4
Armour         | |  2.9
Shields        | |  2.8

Action                   || total
-------------------------++-------
Melee: Long sword        ||    75
Throw: Boomerang         ||    11
  Use: Potion            ||     1
Armor: Scale mail        ||    36
Dodge: Dodged            ||    26
Block: Buckler           ||    19
